Map: Turbo Cruise '84 LE

Players

WindigoBly (Bly)

  • Race: Zerg Zerg
  • League: Grandmaster
  • Spawn Location: 7:00

llllllllllll (Stats) - Winner!

  • Race: Protoss Protoss
  • League: Master
  • Spawn Location: 3:00

Event: 2019 Assembly Summer

VOD

Have the link to the VOD?

Description

Time

  • Played on: Aug. 1, 2019, 12:45 p.m.
  • Length: 12:23

All games in this series

Show
View Real Time Build Order
Export as new Build Order

WindigoBly Zerg 

Build Orders: Pool First 

Get SALT Encoding   

  12  0:01  Drone  
  13  0:11  Drone  
  14  0:18  Overlord  
  14  0:31  Drone, Extractor  
  15  0:38  Drone x2  
  17  0:46  Spawning Pool  
  16  0:56  Drone  
  17  1:01  Drone  
  17  1:02  Extractor  
  17  1:20  Hatchery  
  17  1:24  Drone  
  17  1:34  Zergling x4  
  17  1:39  Zergling x2  
  20  1:48  Queen  
  22  2:03  Roach Warren  
  22  2:07  Metabolic Boost  
  21  2:13  Drone  
  22  2:24  Overlord  
  22  2:37  Drone x2  
  22  2:43  Roach x2  
  28  2:49  Zergling x4  
  30  2:53  Roach  
  32  3:01  Zergling x4  
  32  3:03  Zergling x2  
  32  3:05  Ravager  
  36  3:11  Overlord  
  36  3:34  Ravager  
  36  3:38  Drone x5  
  41  3:53  Overlord  
  41  3:58  Overlord  
  41  3:59  Zergling x6  
  44  4:13  Hatchery  
  42  4:24  Drone x3  
  45  4:26  Zergling x2, Extractor  
  45  4:30  Roach  
  47  4:40  Overlord  
  47  4:47  Ravager  
  48  4:55  Overlord x2  
  48  5:11  Zergling x4  
  48  5:12  Zergling x2  
  48  5:29  Zergling x2  
  48  5:30  Zergling x12  
  49  5:52  Roach x6  
  54  6:09  Zergling x6  
  51  6:12  Roach  
  51  6:13  Ravager x5  
  51  6:17  Zergling x6  
  53  6:28  Roach  
  58  6:32  Ravager  
  58  6:41  Overlord  
  58  6:43  Queen  
  60  6:48  Zergling x4  
  57  7:05  Zergling x6  
  51  7:14  Zergling x6  
  47  7:19  Queen  
  40  7:31  Roach  
  40  7:35  Hatchery  
  40  7:40  Roach  
  42  7:49  Roach  
  41  7:52  Ravager  
  41  7:55  Roach  
  44  8:01  Queen  
  44  8:04  Ravager  
  47  8:06  Roach x3  
  47  8:11  Ravager  
  51  8:32  Hatchery, Zergling x2  
  51  8:33  Zergling x4  
  51  8:38  Ravager x3  
  50  9:02  Roach x3, Ravager  
  54  9:03  Roach  
  51  9:29  Ravager x2  
  51  9:30  Ravager  
  53  9:32  Zergling x10  
  48  10:01  Ravager  
  46  10:08  Zergling x12  
  38  10:52  Roach  
  38  10:53  Roach x9  
  58  11:16  Ravager x3  
  58  11:17  Overlord  
  58  11:18  Zergling x12  
  67  11:26  Overlord  
  67  11:34  Overlord  
  67  11:40  Spore Crawler  
  67  11:45  Spore Crawler  
  61  11:56  Spore Crawler  
  57  12:10  Spore Crawler  
Show
View Real Time Build Order
Export as new Build Order

llllllllllll Protoss - Winner!

Build Orders:  

Get SALT Encoding   

  12  0:00  Probe  
  13  0:12  Probe  
  14  0:19  Pylon  
  14  0:24  Probe  
  15  0:33  Probe  
  15  0:41  Probe  
  16  0:43  Gateway  
  16  0:47  Assimilator  
  17  0:51  Probe  
  18  1:04  Probe  
  19  1:08  Pylon  
  19  1:16  Probe  
  20  1:31  Cybernetics Core  
  20  1:32  Zealot  
  22  1:33  Pylon  
  22  1:38  Probe  
  23  1:48  Gateway  
  23  1:53  Probe  
  24  1:57  Assimilator, Stalker  
  24  2:05  Probe  
  24  2:08  Warp Gate  
  27  2:17  Probe  
  27  2:18  Pylon  
  30  2:36  Zealot, Robotics Facility  
  32  2:37  Adept  
  32  2:44  Shield Battery  
  32  2:47  Shield Battery  
  32  3:03  Stalker  
  33  3:07  Stalker  
  33  3:10  Immortal  
  39  3:29  Pylon  
  39  3:40  Immortal  
  43  3:58  Pylon  
  43  4:01  Adept, Sentry  
  47  4:11  Warp Prism  
  49  4:31  Adept x2  
  53  4:41  Pylon  
  53  4:47  Observer  
  54  5:00  Sentry x2  
  58  5:16  Shield Battery  
  58  5:20  Nexus  
  58  5:23  Adept  
  60  5:29  Adept  
  54  5:37  Probe  
  47  5:56  Probe  
  41  6:11  Probe  
  38  6:27  Sentry x2  
  42  6:33  Probe  
  42  6:36  Probe  
  44  6:43  Probe  
  44  6:48  Probe  
  34  7:09  Zealot x2  
  34  7:13  Probe  
  29  7:19  Probe  
  27  7:24  Probe  
  27  7:29  Probe  
  29  7:37  Probe  
  30  7:49  Probe  
  30  7:52  Probe  
  30  7:57  Probe  
  32  8:04  Probe  
  34  8:06  Probe  
  35  8:16  Probe  
  35  8:18  Probe  
  35  8:19  Twilight Council  
  37  8:28  Probe  
  37  8:30  Probe  
  39  8:40  Stalker x2  
  43  8:48  Probe x2  
  45  9:00  Probe x2  
  47  9:12  Zealot x2  
  51  9:20  Dark Shrine  
  51  9:24  Probe x2  
  49  9:36  Probe  
  49  9:37  Probe  
  51  9:48  Assimilator  
  51  9:49  Probe x2  
  57  9:53  Immortal  
  57  10:01  Zealot x2  
  57  10:05  Probe x2  
  63  10:08  Assimilator  
  63  10:10  Gateway  
  57  10:23  Stalker x2  
  61  10:33  Pylon  
  59  10:36  Pylon  
  59  10:38  Pylon  
  55  10:43  Pylon  
  55  10:50  Gateway  
  55  10:53  Gateway  
  55  10:58  Probe x2  
  55  11:00  Dark Templar  
  59  11:23  Pylon  
  59  11:35  Dark Templar  
  59  11:38  Pylon  
  61  11:54  Dark Templar x2  
  61  11:55  Dark Templar  
  67  12:06  Forge  
  67  12:07  Gateway  
  67  12:09  Gateway  
  67  12:11  Gateway  
  67  12:19  Zealot  
Tags
 
Add a new tag
Caveats
  • Supply blocks, unpowered buildings, or Contaminate may cause inaccurate times.
  • Supply counts are checked every 10 seconds.